 Dungeon Crawl Stone Soup version 0.28.0-62-gf88900778d (webtiles) character file.

Game seed: 7114597820839421435

1701 cbfl8 the Cleaver (level 8, 0/71 HPs)
             Began as a Minotaur Fighter on Jan 18, 2024.
             Succumbed to Dowan's poison
             ... on level 6 of the Dungeon.
             The game lasted 00:06:11 (4749 turns).

cbfl8 the Cleaver (Minotaur Fighter)                Turns: 4749, Time: 00:06:11

Health: 0/71       AC: 11    Str: 20    XL:     8   Next: 73%
Magic:  7/7        EV:  7    Int:  5    God:
Gold:   155        SH:  6    Dex: 13    Spells: 7/7 levels left

rFire   + . .      SeeInvis .   a - +1 war axe
rCold   + . .      Faith    .   c - +1 buckler
rNeg    . . .      Spirit   .   l - +0 chain mail
rPois   +          Reflect  .   (helmet restricted)
rElec   +          Harm     .   (no cloak)
rCorr   +          Rampage  .   b - +0 pair of gloves
Will    .....                   (no boots)
Stlth   ..........              (no amulet)
HPRegen 0.21/turn               (no ring)
MPRegen 0.10/turn               (no ring)

@: brilliant, lethally poisoned (0 -> -1), resistant, flying, hasted, very quick
A: horns 2, retaliatory headbutt, inability to read while threatened
a: no special abilities


You were on level 6 of the Dungeon.
You visited 1 branch of the dungeon, and saw 6 of its levels.
You also visited: Sewer.

You collected 155 gold pieces.

Inventory:

Hand Weapons
 a - a +1 war axe (weapon)
Armour
 b - a +0 pair of gloves (worn)
 c - a +1 buckler (worn)
 l - a +0 chain mail (worn)
Jewellery
 d - an amulet of faith
Scrolls
 g - a scroll of blinking
 i - 2 scrolls of noise
 j - 3 scrolls of teleportation
 k - a scroll of fog
 n - a scroll of fear {unknown}
 o - a scroll of summoning {unknown}
Potions
 e - a potion of cancellation
 m - a potion of haste


   Skills:
 + Level 6.3 Fighting
 + Level 8.5 Axes
 + Level 6.4 Armour
 + Level 6.0 Shields
 * Level 4.2 Evocations


You had 7 spell levels left.
You didn't know any spells.
Your spell library contained the following spells:

 Spells                   Type           Power      Damage    Failure   Level
 Shock                    Conj/Air       0%         1d3       99%         1
 Swiftness                Air            0%         N/A       100%        3
 Airstrike                Air            0%         N/A       100%        4
 Chain Lightning          Conj/Air       0%         N/A       100%        9
 Fire Storm               Conj/Fire      0%         5d1       100%        9
 Shatter                  Erth           0%         3d5*      100%        9


Dungeon Overview and Level Annotations

Branches:
Dungeon (6/15)              Sewer (visited)
 Temple: D:4-7

Altars:

Annotations:
D:4 2 transporters, cbfl8's ghost, amateur DsBe
D:5 Dowan


Innate Abilities, Weirdness & Mutations

You have a pair of horns on your head.
You reflexively headbutt those who attack you in melee.
You sometimes lose the ability to read scrolls when taking damage.


Message History

* * * LOW HITPOINT WARNING * * *
You feel very sick.
You climb downwards.
* * * LOW HITPOINT WARNING * * *
You feel sick.
Found a tiny peridot amulet.
There is a stone staircase leading up here.
There is a lethal amount of poison in your body!
It was a potion of haste.
You feel yourself speed up.
* * * LOW HITPOINT WARNING * * *
You feel sick.
It was a potion of resistance.
You feel protected.
* * * LOW HITPOINT WARNING * * *
You feel sick.
It was a potion of mutation.
You feel extremely strange.
You lose the ability to read scrolls when threatened.
* * * LOW HITPOINT WARNING * * *
You feel sick.
It was a potion of brilliance.
You feel clever all of a sudden.
* * * LOW HITPOINT WARNING * * *
You feel sick.
It was a potion of flight.
You feel very buoyant.
You fly up into the air.
* * * LOW HITPOINT WARNING * * *
You feel sick.
* * * LOW HITPOINT WARNING * * *
You feel sick.
* * * LOW HITPOINT WARNING * * *
You feel sick.
* * * LOW HITPOINT WARNING * * *
You feel sick.
You see here an amulet of faith.
d - an amulet of faith You start putting on your amulet.
You continue putting on your amulet of faith.
Keep equipping yourself?
You die...

#.. #...
.... .....
# ....# .#
#..###..##
#.@....#
#<.####...
##.# #.#
###


There were no monsters in sight!

Vanquished Creatures
  Duvessa (D:5)
  2 water moccasins (D:5)
  Pargi (Sewer)
  A hornet zombie (D:5)
  An ice beast (D:4)
  A black bear (D:4)
  An ogre (D:5)
  A phantom (D:5)
  A bullfrog (D:5)
  5 scorpions
  A gnoll shaman (D:4)
  A jelly (D:4)
  2 hounds (D:4)
  An iguana (D:4)
  3 orc wizards
  2 hound skeletons
  7 gnolls (D:4)
  A howler monkey skeleton (D:4)
  6 adders
  2 river rats (D:5)
  2 white imps
  4 worms
  A dart slug (D:2)
  10 orcs
  6 ball pythons
  9 endoplasms
  2 giant cockroaches
  8 goblins
  6 hobgoblins
  10 jackals
  7 kobolds
  4 quokkas
  2 bats
  6 frilled lizards
  5 rats
123 creatures vanquished.

Notes
Turn   | Place    | Note
-------+----------+-------------------------------------------
     0 | D:1      | cbfl8 the Minotaur Fighter began the quest for the Orb.
     0 | D:1      | Reached XP level 1. HP: 19/19 MP: 0/0
   145 | D:1      | Found a faded altar of an unknown god.
   147 | D:1      | Reached XP level 2. HP: 20/27 MP: 1/1
   933 | D:2      | Reached XP level 3. HP: 32/33 MP: 2/2
  1254 | D:2      | Reached skill level 3 in Axes
  1254 | D:2      | Reached skill level 1 in Evocations
  1754 | D:3      | Noticed a scorpion
  1767 | D:3      | Reached XP level 4. HP: 20/40 MP: 3/3
  1768 | D:3      | Killed a scorpion
  2119 | D:3      | Reached skill level 4 in Axes
  2133 | D:3      | Reached XP level 5. HP: 47/47 MP: 4/4
  2721 | D:4      | Reached XP level 6. HP: 43/53 MP: 5/5
  2766 | D:4      | Reached skill level 5 in Axes
  2890 | D:4      | Noticed an ice beast
  3339 | D:4      | Found a transporter.
  3339 | D:4      | Noticed cbfl8's ghost (amateur DsBe)
  3341 | D:4      | Found a transporter.
  3451 | D:5      | Entered Level 5 of the Dungeon
  3455 | D:5      | Noticed a water moccasin
  3464 | D:5      | Reached skill level 5 in Armour
  3468 | D:5      | Reached skill level 5 in Fighting
  3468 | D:5      | Reached skill level 6 in Axes
  3468 | D:5      | Reached XP level 7. HP: 30/61 MP: 6/6
  3544 | D:5      | Reached skill level 5 in Shields
  3633 | D:5      | Reached skill level 7 in Axes
  3720 | D:5      | Found a glowing drain.
  3728 | Sewer    | Entered a sewer
  3884 | Sewer    | Noticed Pargi
  3904 | Sewer    | Killed Pargi
  3905 | Sewer    | Reached XP level 8. HP: 56/70 MP: 7/7
  4433 | D:4      | Reached skill level 8 in Axes
  4714 | D:5      | Noticed Dowan
  4715 | D:5      | Noticed Duvessa
  4724 | D:5      | Killed Duvessa
  4740 | D:6      | Gained mutation: You sometimes lose the ability to read
                  | scrolls when taking damage. [potion of mutation]
  4744 | D:6      | HP: 3/71 [poisoned by Dowan]
  4747 | D:6      | HP: 1/71 [poisoned by Dowan]
  4749 | D:6      | Succumbed to Dowan's poison

Illustrated notes

Levels and vault maps discovered:
D:1:      mrwooster_arrival_statue_2, layout_basic,
          shapermc_ecumenical_altar_starsandcircs
D:2:      minmay_door_path, layout_basic
D:3:      layout_loops_ring, kennysheep_generic_room_14
D:4:      layout_loops_ring, gammafunk_ghost_mausoleum
D:5:      layout_cave_pools, grunt_temple_overflow_lords_of_destruction,
          gammafunk_temple_overflow_wave, lightli_sewer_entry_pipes,
          uniq_duvessa
D:6:      corexii_shack_village, layout_layer_cave,
          minmay_temple_entry_statues_pillars, minmay_splitting_lines,
          uniq_prince_ribbit1

Skill      XL: |  1  2  3  4  5  6  7  8 |
---------------+-------------------------+-----
Fighting       | 4 5 6 |  6.3
Armour         | 4 5 6 |  6.4
Shields        | 4 5 6 |  6.0
Axes           | 3 4 6 7 8 |  8.5
Evocations     | 1 2 3 4 |  4.2

Action                   |  1- 3 |  4- 6 |  7- 9 || total
-------------------------+-------+-------+-------++-------
Melee: War axe           |    96 |   107 |   149 ||   352
       Headbutt          |    14 |    15 |    31 ||    60
  Use: Potion            |     3 |     1 |    10 ||    14
       Scroll            |       |       |     6 ||     6
Armor: Scale mail        |    52 |       |       ||    52
       Chain mail        |     3 |    59 |   109 ||   171
       Skin              |     3 |    15 |    12 ||    30
Dodge: Dodged            |    36 |    44 |    55 ||   135
Block: Buckler           |    21 |    44 |    57 ||   122
